Workbook

Sheet PLANILHA ORÇAMENTARIA EXT
A1: PLANILHA ORÇAMENTÁRIA DE CUSTOS
A2: PREFEITURA MUNICIPAL DE LAGOA DOS PATOS - MG | F2: PRAZO DE EXECUÇÃO: 3 MESES | I2: DATA: | J2: =TODAY() -> 46262
A3: OBRA: | B3: CALÇAMENTO EM BLOCO SEXTAVADO EM TRECHOS DA ESTRADA DA SERRA DO BARRO NO MUNICIPIO DE LAGOA DOS PATOS - MG. | F3: FORMA DE EXECUÇÃO: ( ) DIRETA (X) INDIRETA
A4: LOCAL: | B4: ESTRADA SERRA DO BARRO, MUNICIPIO DE LAGOA DOS PATOS - MG | F4: *DEMONSTRATIVO DE BDI EXTRAÍDO DA ABA CALCULO DE BDI* | J4: % ISS MUNICIPAL:
A5: =[1]CRONOGRAMA!A4 -> DATA BASE: | B5: SINAPI -06/2026 - DESONERADO / SICOR - 04/2026 - NORTE DESONERADO / SICRO/DNIT - 04/2026 - DESONERADO | F5: BDI: | H5: 0.2713 | J5: 0.05
A7: Nota: O fornecimento do cascalho para a execução da base será de responsabilidade da Prefeitura Municipal de Lagoa dos Patos. Caberá à contratada a execução dos serviços de escavação, carga e transporte do material até a via que receberá o calçamento, bem como a execução dos demais serviços previstos no contrato.
A9: ITEM | B9: CÓDIGO | C9: DESCRIÇÃO | D9: FONTE | E9: UNID | F9: QUANTIDADE | G9: PREÇO UNITÁRIO | I9: PREÇO TOTAL R$
G10: SEM BDI | H10: COM BDI | I10: SEM BDI | J10: COM BDI
A11: 1 | B11: =B3 -> CALÇAMENTO EM BLOCO SEXTAVADO EM TRECHOS DA ESTRADA DA SERRA DO BARRO NO MUNICIPIO DE LAGOA DOS PATOS - MG. | I11: =ROUND(SUM(I12+I15+I17+I29+I31),2) -> #REF! | J11: =ROUND(SUM(J12+J15+J17+J29+J31),2) -> #REF!
A12: 1.1 | B12: SERVIÇOS PRELIMINARES | I12: =ROUND(SUM(I13:I14),2) -> 17874.67 | J12: =ROUND(SUM(J13:J14),2) -> 22724.07
A13: 1.1.1 | B13: ED-50152 | C13: FORNECIMENTO E COLOCAÇÃO DE PLACA DE OBRA EM CHAPA GALVANIZADA (3,00 X 1,5 0 M) - EM CHAPA GALVANIZADA 0,26 AFIXADAS COM REBITES 540 E PARAFUSOS 3/8, EM ESTRUTURA METÁLICA VIGA U 2" ENRIJECIDA COM METALON 20 X 20, SUPORTE EM EUCALIPTO AUTOCLAVADO PINTADAS | D13: SICOR | E13: UN | F13: ='MEMORIA DE CÁLCULO'!I17 -> 1 | G13: 1569.69 | H13: =ROUND(G13*(1+$H$5),2) -> 1995.55 | I13: =ROUND(F13*G13,2) -> 1569.69 | J13: =ROUND(F13*H13,2) -> 1995.55 | K13: =ROUND(G13+(G13*$H$5),2) -> 1995.55
A14: 1.1.2 | B14: COMPOSIÇÃO 02 | C14: MOBILIZAÇÃO E DESMOBILIZAÇÃO DE OBRA | D14: Composições Próprias | E14: UN | F14: ='MEMORIA DE CÁLCULO'!I24 -> 1 | G14: ='MOB E DESMOB'!N36 -> 16304.98 | H14: =ROUND(G14*(1+$H$5),2) -> 20728.52 | I14: =ROUND(F14*G14,2) -> 16304.98 | J14: =ROUND(F14*H14,2) -> 20728.52
A15: 1.2 | B15: ADMINISTRAÇÃO LOCAL DE OBRAS | I15: =ROUND(SUM(I16:I16),2) -> 8851.8 | J15: =ROUND(SUM(J16:J16),2) -> 11253.29 | N15: =(4/100)*J11 -> #REF!
A16: 1.2.1 | B16: COMPOSIÇÃO 01 | C16: =CPU!B3 -> ADMINISTRAÇÃO LOCAL DE OBRAS, COMPOSTO DE ENGENHEIRO CIVIL E ENCARREGADO GERAL​ | D16: Composições Próprias | E16: UN | F16: ='MEMORIA DE CÁLCULO'!I34 -> 1 | G16: =CPU!G8 -> 8851.8 | H16: =ROUND(G16*(1+$H$5),2) -> 11253.29 | I16: =ROUND(F16*G16,2) -> 8851.8 | J16: =ROUND(F16*H16,2) -> 11253.29
A17: 1.3 | B17: TERRAPLANAGEM | I17: =ROUND(SUM(I18:I27),2) -> 40636.31 | J17: =ROUND(SUM(J18:J27),2) -> 51634.23
A18: 1.3.1 | B18: ED-50276 | C18: LOCAÇÃO TOPOGRÁFICA ACIMA DE CINQUENTA (50) PONTOS REFERENCIAIS, INCLUSIVE ESTACA (PIQUETE) DE MARCAÇÃO | D18: SICOR | E18: UN | F18: ='MEMORIA DE CÁLCULO'!I43 -> 23 | G18: 47.36 | H18: =ROUND(G18*(1+$H$5),2) -> 60.21 | I18: =ROUND(F18*G18,2) -> 1089.28 | J18: =ROUND(F18*H18,2) -> 1384.83
A19: 1.3.2 | B19: 101126 | C19: ESCAVAÇÃO HORIZONTAL, INCLUINDO CARGA E DESCARGA EM SOLO DE 1A CATEGORIA COM TRATOR DE ESTEIRAS (170HP/LÂMINA: 5,20M3). AF_07/2020 (ESCAVAÇÃO NA VIA) | D19: SINAPI | E19: m3 | F19: ='MEMORIA DE CÁLCULO'!I50 -> 217.35 | G19: 13.17 | H19: =ROUND(G19*(1+$H$5),2) -> 16.74 | I19: =ROUND(F19*G19,2) -> 2862.5 | J19: =ROUND(F19*H19,2) -> 3638.44 | L19: =ROUND(SUM(J13+J14+J18+J19+J20+J21+J22+J25+J27+J26+J28+J30+J32+#REF!),2) -> #REF!
A20: 1.3.3 | B20: 100978 | C20: CARGA, MANOBRA E DESCARGA DE SOLOS E MATERIAIS GRANULARES EM CAMINHÃO BASCULANTE 14 M³ - CARGA COM ESCAVADEIRA HIDRÁULICA (CAÇAMBA DE 1,20 M³ / 155 HP) E DESCARGA LIVRE (UNIDADE: M3). AF_02/2026 | D20: SINAPI | E20: m3 | F20: ='MEMORIA DE CÁLCULO'!I57 -> 271.69 | G20: 7.39 | H20: =ROUND(G20*(1+$H$5),2) -> 9.39 | I20: =ROUND(F20*G20,2) -> 2007.79 | J20: =ROUND(F20*H20,2) -> 2551.17
A21: 1.3.4 | B21: 95876 | C21: TRANSPORTE COM CAMINHÃO BASCULANTE DE 14 M³, EM VIA URBANA EM REVESTIMENTO PRIMÁRIO (UNIDADE: M3XKM). AF_02/2026 | D21: SINAPI | E21: M3XKM | F21: ='MEMORIA DE CÁLCULO'!I64 -> 5922.79 | G21: 2.7 | H21: =ROUND(G21*(1+$H$5),2) -> 3.43 | I21: =ROUND(F21*G21,2) -> 15991.53 | J21: =ROUND(F21*H21,2) -> 20315.17
A22: 1.3.5 | B22: 4011209 | C22: Regularização do subleito - 100% Proctor intermediário | D22: SICRO/DNIT | E22: m2 | F22: ='MEMORIA DE CÁLCULO'!I71 -> 1035 | G22: 1.88 | H22: =ROUND(G22*(1+$H$5),2) -> 2.39 | I22: =ROUND(F22*G22,2) -> 1945.8 | J22: =ROUND(F22*H22,2) -> 2473.65
A23: 1.3.6 | B23: 101126 | C23: ESCAVAÇÃO HORIZONTAL, INCLUINDO CARGA E DESCARGA EM SOLO DE 1A CATEGORIA COM TRATOR DE ESTEIRAS (170HP/LÂMINA: 5,20M3). AF_07/2020 (ESCAVAÇÃO NA JAZIDA) | D23: SINAPI | E23: m3 | F23: ='MEMORIA DE CÁLCULO'!I78 -> 155.25 | G23: 13.17 | H23: =ROUND(G23*(1+$H$5),2) -> 16.74 | I23: =ROUND(F23*G23,2) -> 2044.64 | J23: =ROUND(F23*H23,2) -> 2598.89 | L23: =ROUND(SUM(J19+J20+J22+J23+J24+J25+J26+J29+J31+J30+J32+J33+J36+J37),2) -> #REF!
A24: 1.3.7 | B24: 100978 | C24: CARGA, MANOBRA E DESCARGA DE SOLOS E MATERIAIS GRANULARES EM CAMINHÃO BASCULANTE 14 M³ - CARGA COM ESCAVADEIRA HIDRÁULICA (CAÇAMBA DE 1,20 M³ / 155 HP) E DESCARGA LIVRE (UNIDADE: M3). AF_02/2026 | D24: SINAPI | E24: m3 | F24: ='MEMORIA DE CÁLCULO'!I85 -> 194.06 | G24: 7.39 | H24: =ROUND(G24*(1+$H$5),2) -> 9.39 | I24: =ROUND(F24*G24,2) -> 1434.1 | J24: =ROUND(F24*H24,2) -> 1822.22
A25: 1.3.8 | B25: 95876 | C25: TRANSPORTE COM CAMINHÃO BASCULANTE DE 14 M³, EM VIA URBANA EM REVESTIMENTO PRIMÁRIO (UNIDADE: M3XKM). AF_02/2026 | D25: SINAPI | E25: M3XKM | F25: ='MEMORIA DE CÁLCULO'!I92 -> 3784.22 | G25: 2.7 | H25: =ROUND(G25*(1+$H$5),2) -> 3.43 | I25: =ROUND(F25*G25,2) -> 10217.39 | J25: =ROUND(F25*H25,2) -> 12979.87
A26: 1.3.9 | B26: 100574 | C26: ESPALHAMENTO DE MATERIAL COM TRATOR DE ESTEIRAS. AF_09/2024 | D26: SINAPI | E26: m3 | F26: ='MEMORIA DE CÁLCULO'!I99 -> 194.06 | G26: 1.53 | H26: =ROUND(G26*(1+$H$5),2) -> 1.95 | I26: =ROUND(F26*G26,2) -> 296.91 | J26: =ROUND(F26*H26,2) -> 378.42
A27: 1.3.10 | B27: 4011219 | C27: Base de solo estabilizado granulometricamente sem mistura com material de jazida - 100% Proctor modificado | D27: SICRO/DNIT | E27: m3 | F27: ='MEMORIA DE CÁLCULO'!I106 -> 155.25 | G27: 17.69 | H27: =ROUND(G27*(1+$H$5),2) -> 22.49 | I27: =ROUND(F27*G27,2) -> 2746.37 | J27: =ROUND(F27*H27,2) -> 3491.57
A28: 1.3.11 | B28: PROPRIA | C28: CASCALHO DE CAVA (A CARGO DO MUNICIPIO) | D28: PROPRIA | E28: m3 | F28: ='MEMORIA DE CÁLCULO'!I113 -> 155.25 | G28: SOB RESPONSABILIDADE DO MUNICIPIO
A29: 1.4 | B29: PAVIMENTAÇÃO EM BLOCO SEXTAVADO | I29: =ROUND(SUM(I30),2) -> 93636 | J29: =ROUND(SUM(J30),2) -> 119043
A30: 1.4.1 | B30: 92394 | C30: EXECUÇÃO DE PAVIMENTO EM PISO INTERTRAVADO, COM BLOCO SEXTAVADO DE 25 X 25 CM, ESPESSURA 8 CM. AF_10/2022 | D30: SINAPI | E30: m2 | F30: ='MEMORIA DE CÁLCULO'!I122 -> 900 | G30: 104.04 | H30: =ROUND(G30*(1+$H$5),2) -> 132.27 | I30: =ROUND(F30*G30,2) -> 93636 | J30: =ROUND(F30*H30,2) -> 119043
A31: 1.5 | B31: MEIO-FIO E DRENAGEM SUPERFICIAL | I31: =ROUND(SUM(I32:I34),2) -> #REF! | J31: =ROUND(SUM(J32:J34),2) -> #REF!
A32: 1.5.1 | B32: 94267 | C32: GUIA (MEIO-FIO) E SARJETA CONJUGADOS DE CONCRETO, MOLDADA IN LOCO EM TRECHO RETO COM EXTRUSORA, 45 CM BASE (15 CM BASE DA GUIA + 30 CM BASE DA SARJETA) X 22 CM ALTURA. AF_01/2024 | D32: SINAPI | E32: M | F32: ='MEMORIA DE CÁLCULO'!I131 -> 235.68 | G32: 61.58 | H32: =ROUND(G32*(1+$H$5),2) -> 78.29 | I32: =ROUND(F32*G32,2) -> 14513.17 | J32: =ROUND(F32*H32,2) -> 18451.39
A33: 1.5.3 | B33: ED-51141 | C33: GUIA DE MEIO-FIO, EM CONCRETO COM FCK 15MPA, MOLDADA IN-LOCO, SEÇÃO 15X45CM, FORMA EM MADEIRA, EXCLUSIVE SARJETA, INCLUSIVE ESCAVAÇÃO, APILOAMENTO E TRANSPORTE COM RETIRADA DO MATERIAL ESCAVADO (EM CAÇAMBA) | D33: SICOR | E33: M | F33: ='MEMORIA DE CÁLCULO'!I138 -> 27.48 | G33: 145.24 | H33: =ROUND(G33*(1+$H$5),2) -> 184.64 | I33: =ROUND(F33*G33,2) -> 3991.2 | J33: =ROUND(F33*H33,2) -> 5073.91
A34: 1.5.4 | B34: 2003107 | C34: Entrada para descida d'água - EDA 03 A - areia e brita comerciais | D34: SICRO/DNIT | E34: UN | F34: ='MEMORIA DE CÁLCULO'!#REF! -> #REF! | G34: 183.09 | H34: =ROUND(G34*(1+$H$5),2) -> 232.76 | I34: =ROUND(F34*G34,2) -> #REF! | J34: =ROUND(F34*H34,2) -> #REF!
H35: VALOR BDI TOTAL: | J35: =J37-J36 -> #REF!
H36: VALOR ORÇAMENTO: | J36: =ROUND(I31+I29+I17+I12+I15,2) -> #REF! | L36: =J37/F30 -> #REF!
H37: VALOR TOTAL: | J37: =ROUND(J31+J29+J17+J12+J15,2) -> #REF!
B41: ________________________________________________________ | F41: _________________________________________________
B42: MAX HENRIQUE VELOSO DA SILVA | F42: HERCULES VANDY DURÃES DA FONSECA
B43: ENGENHEIRO CIVIL - CREA: 248.998/D - MG | F43: PREFEITO MUNICIPAL DE LAGOA DOS PATOS-MG

Sheet PLANILHA ORÇAMENTARIA
A1: PLANILHA ORÇAMENTÁRIA DE CUSTOS
A2: PREFEITURA MUNICIPAL DE LAGOA DOS PATOS - MG | F2: PRAZO DE EXECUÇÃO: 2 MESES | I2: DATA: | J2: 46230
A3: OBRA: | B3: CALÇAMENTO EM BLOCO SEXTAVADO DE VIA NA COMUNIDADE GOIABEIRAS, MUNICIPIO DE LAGOA DOS PATOS - MG. | F3: FORMA DE EXECUÇÃO: ( ) DIRETA (X) INDIRETA
A4: LOCAL: | B4: RUA PROJETA, COMUNIDADE GOIABEIRAS, MUNICIPIO DE LAGOA DOS PATOS - MG | F4: *DEMONSTRATIVO DE BDI EXTRAÍDO DA ABA CALCULO DE BDI* | J4: % ISS MUNICIPAL:
A5: =[1]CRONOGRAMA!A4 -> DATA BASE: | B5: SINAPI -06/2026 - DESONERADO / SICOR - 04/2026 - NORTE DESONERADO / SICRO/DNIT - 04/2026 - DESONERADO | F5: BDI: | H5: 0.2713 | J5: 0.05
A7: Nota: O fornecimento do cascalho para a execução da base será de responsabilidade da Prefeitura Municipal de Lagoa dos Patos. Caberá à contratada a execução dos serviços de escavação, carga e transporte do material até a via que receberá o calçamento, bem como a execução dos demais serviços previstos no contrato.
A9: ITEM | B9: CÓDIGO | C9: DESCRIÇÃO | D9: FONTE | E9: UNID | F9: QUANTIDADE | G9: PREÇO UNITÁRIO | I9: PREÇO TOTAL R$
G10: SEM BDI | H10: COM BDI | I10: SEM BDI | J10: COM BDI
A11: 1 | B11: =B3 -> CALÇAMENTO EM BLOCO SEXTAVADO DE VIA NA COMUNIDADE GOIABEIRAS, MUNICIPIO DE LAGOA DOS PATOS - MG. | I11: =ROUND(SUM(I12+I15+I17+I29+I31),2) -> 181543.4 | J11: =ROUND(SUM(J12+J15+J17+J29+J31),2) -> 230773.84
A12: 1.1 | B12: SERVIÇOS PRELIMINARES | I12: =ROUND(SUM(I13:I14),2) -> 17874.67 | J12: =ROUND(SUM(J13:J14),2) -> 22724.07
A13: 1.1.1 | B13: ED-50152 | C13: FORNECIMENTO E COLOCAÇÃO DE PLACA DE OBRA EM CHAPA GALVANIZADA (3,00 X 1,5 0 M) - EM CHAPA GALVANIZADA 0,26 AFIXADAS COM REBITES 540 E PARAFUSOS 3/8, EM ESTRUTURA METÁLICA VIGA U 2" ENRIJECIDA COM METALON 20 X 20, SUPORTE EM EUCALIPTO AUTOCLAVADO PINTADAS | D13: SICOR | E13: UN | F13: ='MEMORIA DE CÁLCULO'!I17 -> 1 | G13: 1569.69 | H13: =ROUND(G13*(1+$H$5),2) -> 1995.55 | I13: =ROUND(F13*G13,2) -> 1569.69 | J13: =ROUND(F13*H13,2) -> 1995.55 | K13: =ROUND(G13+(G13*$H$5),2) -> 1995.55
A14: 1.1.2 | B14: COMPOSIÇÃO 02 | C14: MOBILIZAÇÃO E DESMOBILIZAÇÃO DE OBRA | D14: Composições Próprias | E14: UN | F14: ='MEMORIA DE CÁLCULO'!I24 -> 1 | G14: ='MOB E DESMOB'!N36 -> 16304.98 | H14: =ROUND(G14*(1+$H$5),2) -> 20728.52 | I14: =ROUND(F14*G14,2) -> 16304.98 | J14: =ROUND(F14*H14,2) -> 20728.52
A15: 1.2 | B15: ADMINISTRAÇÃO LOCAL DE OBRAS | I15: =ROUND(SUM(I16:I16),2) -> 8851.8 | J15: =ROUND(SUM(J16:J16),2) -> 11253.29 | N15: =(4/100)*J11 -> 9230.9536
A16: 1.2.1 | B16: COMPOSIÇÃO 01 | C16: =CPU!B3 -> ADMINISTRAÇÃO LOCAL DE OBRAS, COMPOSTO DE ENGENHEIRO CIVIL E ENCARREGADO GERAL​ | D16: Composições Próprias | E16: UN | F16: ='MEMORIA DE CÁLCULO'!I34 -> 1 | G16: =CPU!G8 -> 8851.8 | H16: =ROUND(G16*(1+$H$5),2) -> 11253.29 | I16: =ROUND(F16*G16,2) -> 8851.8 | J16: =ROUND(F16*H16,2) -> 11253.29
A17: 1.3 | B17: TERRAPLANAGEM | I17: =ROUND(SUM(I18:I27),2) -> 40636.31 | J17: =ROUND(SUM(J18:J27),2) -> 51634.23
A18: 1.3.1 | B18: ED-50276 | C18: LOCAÇÃO TOPOGRÁFICA ACIMA DE CINQUENTA (50) PONTOS REFERENCIAIS, INCLUSIVE ESTACA (PIQUETE) DE MARCAÇÃO | D18: SICOR | E18: UN | F18: ='MEMORIA DE CÁLCULO'!I43 -> 23 | G18: 47.36 | H18: =ROUND(G18*(1+$H$5),2) -> 60.21 | I18: =ROUND(F18*G18,2) -> 1089.28 | J18: =ROUND(F18*H18,2) -> 1384.83
A19: 1.3.2 | B19: 101126 | C19: ESCAVAÇÃO HORIZONTAL, INCLUINDO CARGA E DESCARGA EM SOLO DE 1A CATEGORIA COM TRATOR DE ESTEIRAS (170HP/LÂMINA: 5,20M3). AF_07/2020 (ESCAVAÇÃO NA VIA) | D19: SINAPI | E19: m3 | F19: ='MEMORIA DE CÁLCULO'!I50 -> 217.35 | G19: 13.17 | H19: =ROUND(G19*(1+$H$5),2) -> 16.74 | I19: =ROUND(F19*G19,2) -> 2862.5 | J19: =ROUND(F19*H19,2) -> 3638.44 | L19: =ROUND(SUM(J13+J14+J18+J19+J20+J21+J22+J25+J27+J26+J28+J30+J32+#REF!),2) -> #REF!
A20: 1.3.3 | B20: 100978 | C20: CARGA, MANOBRA E DESCARGA DE SOLOS E MATERIAIS GRANULARES EM CAMINHÃO BASCULANTE 14 M³ - CARGA COM ESCAVADEIRA HIDRÁULICA (CAÇAMBA DE 1,20 M³ / 155 HP) E DESCARGA LIVRE (UNIDADE: M3). AF_02/2026 | D20: SINAPI | E20: m3 | F20: ='MEMORIA DE CÁLCULO'!I57 -> 271.69 | G20: 7.39 | H20: =ROUND(G20*(1+$H$5),2) -> 9.39 | I20: =ROUND(F20*G20,2) -> 2007.79 | J20: =ROUND(F20*H20,2) -> 2551.17
A21: 1.3.4 | B21: 95876 | C21: TRANSPORTE COM CAMINHÃO BASCULANTE DE 14 M³, EM VIA URBANA EM REVESTIMENTO PRIMÁRIO (UNIDADE: M3XKM). AF_02/2026 | D21: SINAPI | E21: M3XKM | F21: ='MEMORIA DE CÁLCULO'!I64 -> 5922.79 | G21: 2.7 | H21: =ROUND(G21*(1+$H$5),2) -> 3.43 | I21: =ROUND(F21*G21,2) -> 15991.53 | J21: =ROUND(F21*H21,2) -> 20315.17
A22: 1.3.5 | B22: 4011209 | C22: Regularização do subleito - 100% Proctor intermediário | D22: SICRO/DNIT | E22: m2 | F22: ='MEMORIA DE CÁLCULO'!I71 -> 1035 | G22: 1.88 | H22: =ROUND(G22*(1+$H$5),2) -> 2.39 | I22: =ROUND(F22*G22,2) -> 1945.8 | J22: =ROUND(F22*H22,2) -> 2473.65
A23: 1.3.6 | B23: 101126 | C23: ESCAVAÇÃO HORIZONTAL, INCLUINDO CARGA E DESCARGA EM SOLO DE 1A CATEGORIA COM TRATOR DE ESTEIRAS (170HP/LÂMINA: 5,20M3). AF_07/2020 (ESCAVAÇÃO NA JAZIDA) | D23: SINAPI | E23: m3 | F23: ='MEMORIA DE CÁLCULO'!I78 -> 155.25 | G23: 13.17 | H23: =ROUND(G23*(1+$H$5),2) -> 16.74 | I23: =ROUND(F23*G23,2) -> 2044.64 | J23: =ROUND(F23*H23,2) -> 2598.89 | L23: =ROUND(SUM(J19+J20+J22+J23+J24+J25+J26+J29+J31+J30+J32+J33+J36+J37),2) -> 726490.45
A24: 1.3.7 | B24: 100978 | C24: CARGA, MANOBRA E DESCARGA DE SOLOS E MATERIAIS GRANULARES EM CAMINHÃO BASCULANTE 14 M³ - CARGA COM ESCAVADEIRA HIDRÁULICA (CAÇAMBA DE 1,20 M³ / 155 HP) E DESCARGA LIVRE (UNIDADE: M3). AF_02/2026 | D24: SINAPI | E24: m3 | F24: ='MEMORIA DE CÁLCULO'!I85 -> 194.06 | G24: 7.39 | H24: =ROUND(G24*(1+$H$5),2) -> 9.39 | I24: =ROUND(F24*G24,2) -> 1434.1 | J24: =ROUND(F24*H24,2) -> 1822.22
A25: 1.3.8 | B25: 95876 | C25: TRANSPORTE COM CAMINHÃO BASCULANTE DE 14 M³, EM VIA URBANA EM REVESTIMENTO PRIMÁRIO (UNIDADE: M3XKM). AF_02/2026 | D25: SINAPI | E25: M3XKM | F25: ='MEMORIA DE CÁLCULO'!I92 -> 3784.22 | G25: 2.7 | H25: =ROUND(G25*(1+$H$5),2) -> 3.43 | I25: =ROUND(F25*G25,2) -> 10217.39 | J25: =ROUND(F25*H25,2) -> 12979.87
A26: 1.3.9 | B26: 100574 | C26: ESPALHAMENTO DE MATERIAL COM TRATOR DE ESTEIRAS. AF_09/2024 | D26: SINAPI | E26: m3 | F26: ='MEMORIA DE CÁLCULO'!I99 -> 194.06 | G26: 1.53 | H26: =ROUND(G26*(1+$H$5),2) -> 1.95 | I26: =ROUND(F26*G26,2) -> 296.91 | J26: =ROUND(F26*H26,2) -> 378.42
A27: 1.3.10 | B27: 4011219 | C27: Base de solo estabilizado granulometricamente sem mistura com material de jazida - 100% Proctor modificado | D27: SICRO/DNIT | E27: m3 | F27: ='MEMORIA DE CÁLCULO'!I106 -> 155.25 | G27: 17.69 | H27: =ROUND(G27*(1+$H$5),2) -> 22.49 | I27: =ROUND(F27*G27,2) -> 2746.37 | J27: =ROUND(F27*H27,2) -> 3491.57
A28: 1.3.11 | B28: PROPRIA | C28: CASCALHO DE CAVA (A CARGO DO MUNICIPIO) | D28: PROPRIA | E28: m3 | F28: ='MEMORIA DE CÁLCULO'!I113 -> 155.25 | G28: SOB RESPONSABILIDADE DO MUNICIPIO
A29: 1.4 | B29: PAVIMENTAÇÃO EM BLOCO SEXTAVADO | I29: =ROUND(SUM(I30),2) -> 93636 | J29: =ROUND(SUM(J30),2) -> 119043
A30: 1.4.1 | B30: 92394 | C30: EXECUÇÃO DE PAVIMENTO EM PISO INTERTRAVADO, COM BLOCO SEXTAVADO DE 25 X 25 CM, ESPESSURA 8 CM. AF_10/2022 | D30: SINAPI | E30: m2 | F30: ='MEMORIA DE CÁLCULO'!I122 -> 900 | G30: 104.04 | H30: =ROUND(G30*(1+$H$5),2) -> 132.27 | I30: =ROUND(F30*G30,2) -> 93636 | J30: =ROUND(F30*H30,2) -> 119043
A31: 1.5 | B31: MEIO-FIO E DRENAGEM SUPERFICIAL | I31: =ROUND(SUM(I32:I34),2) -> 20544.62 | J31: =ROUND(SUM(J32:J34),2) -> 26119.25
A32: 1.5.1 | B32: 94267 | C32: GUIA (MEIO-FIO) E SARJETA CONJUGADOS DE CONCRETO, MOLDADA IN LOCO EM TRECHO RETO COM EXTRUSORA, 45 CM BASE (15 CM BASE DA GUIA + 30 CM BASE DA SARJETA) X 22 CM ALTURA. AF_01/2024 | D32: SINAPI | E32: M | F32: ='MEMORIA DE CÁLCULO'!I131 -> 235.68 | G32: 61.58 | H32: =ROUND(G32*(1+$H$5),2) -> 78.29 | I32: =ROUND(F32*G32,2) -> 14513.17 | J32: =ROUND(F32*H32,2) -> 18451.39
A33: 1.5.2 | B33: ED-51141 | C33: GUIA DE MEIO-FIO, EM CONCRETO COM FCK 15MPA, MOLDADA IN-LOCO, SEÇÃO 15X45CM, FORMA EM MADEIRA, EXCLUSIVE SARJETA, INCLUSIVE ESCAVAÇÃO, APILOAMENTO E TRANSPORTE COM RETIRADA DO MATERIAL ESCAVADO (EM CAÇAMBA) | D33: SICOR | E33: M | F33: ='MEMORIA DE CÁLCULO'!I138 -> 27.48 | G33: 145.24 | H33: =ROUND(G33*(1+$H$5),2) -> 184.64 | I33: =ROUND(F33*G33,2) -> 3991.2 | J33: =ROUND(F33*H33,2) -> 5073.91
A34: 1.5.3 | B34: ED-51142 | C34: EXECUÇÃO DE SARJETA DE CONCRETO USINADO, MOLDADA IN LOCO EM TRECHO RETO, 30 CM BASE X 15 CM ALTURA. AF_01/2024 | D34: SINAPI | E34: M | F34: ='MEMORIA DE CÁLCULO'!I145 -> 43.53 | G34: 46.87 | H34: =ROUND(G34*(1+$H$5),2) -> 59.59 | I34: =ROUND(F34*G34,2) -> 2040.25 | J34: =ROUND(F34*H34,2) -> 2593.95
H35: VALOR BDI TOTAL: | J35: =J37-J36 -> 49230.44
H36: VALOR ORÇAMENTO: | J36: =ROUND(I31+I29+I17+I12+I15,2) -> 181543.4 | L36: =J37/F30 -> 256.41538
H37: VALOR TOTAL: | J37: =ROUND(J31+J29+J17+J12+J15,2) -> 230773.84
B41: ________________________________________________________ | F41: _________________________________________________
B42: MAX HENRIQUE VELOSO DA SILVA | F42: HERCULES VANDY DURÃES DA FONSECA
B43: ENGENHEIRO CIVIL - CREA: 248.998/D - MG | F43: PREFEITO MUNICIPAL DE LAGOA DOS PATOS-MG

Sheet MEMORIA DE CÁLCULO
A1: MEMÓRIA DE CÁLCULO
A2: OBJETO: | B2: ='PLANILHA ORÇAMENTARIA'!B3:E3 -> CALÇAMENTO EM BLOCO SEXTAVADO DE VIA NA COMUNIDADE GOIABEIRAS, MUNICIPIO DE LAGOA DOS PATOS - MG.
A3: LOCAL: | B3: ='PLANILHA ORÇAMENTARIA'!B4:E4 -> RUA PROJETA, COMUNIDADE GOIABEIRAS, MUNICIPIO DE LAGOA DOS PATOS - MG
A4: DATA: | B4: ='PLANILHA ORÇAMENTARIA'!B5:E5 -> SINAPI -06/2026 - DESONERADO / SICOR - 04/2026 - NORTE DESONERADO / SICRO/DNIT - 04/2026 - DESONERADO
B6: =B2 -> CALÇAMENTO EM BLOCO SEXTAVADO DE VIA NA COMUNIDADE GOIABEIRAS, MUNICIPIO DE LAGOA DOS PATOS - MG.
A8: 1 | B8: =B6 -> CALÇAMENTO EM BLOCO SEXTAVADO DE VIA NA COMUNIDADE GOIABEIRAS, MUNICIPIO DE LAGOA DOS PATOS - MG.
A10: 1.1 | B10: SERVIÇOS PRELIMINARES
A12: DESCRIÇÃO: | D12: ='PLANILHA ORÇAMENTARIA'!C13 -> FORNECIMENTO E COLOCAÇÃO DE PLACA DE OBRA EM CHAPA GALVANIZADA (3,00 X 1,5 0 M) - EM CHAPA GALVANIZADA 0,26 AFIXADAS COM REBITES 540 E PARAFUSOS 3/8, EM ESTRUTURA METÁLICA VIGA U 2" ENRIJECIDA COM METALON 20 X 20, SUPORTE EM EUCALIPTO AUTOCLAVADO PINTADAS
A13: CÓDIGO:
A14: LOGRADOURO | F14: Repet. | I14: Quantidade total | J14: OBS:
A16: PLACA DE OBRA | F16: 1 | I16: 1
A17: TOTAL | I17: =SUM(I16) -> 1
A19: DESCRIÇÃO: | B19: COMPOSIÇÃO | D19: ='PLANILHA ORÇAMENTARIA'!C14 -> MOBILIZAÇÃO E DESMOBILIZAÇÃO DE OBRA
A20: CÓDIGO:
A21: LOGRADOURO | F21: Repet. | I21: Quantidade total | J21: OBS:
A23: MOB E DESMOB | F23: 1 | I23: 1
A24: TOTAL | I24: =SUM(I23) -> 1
A26: 1.2 | B26: ='PLANILHA ORÇAMENTARIA'!B15:H15 -> ADMINISTRAÇÃO LOCAL DE OBRAS
A28: DESCRIÇÃO: | B28: COMPOSIÇÃO | D28: ='PLANILHA ORÇAMENTARIA'!C16 -> ADMINISTRAÇÃO LOCAL DE OBRAS, COMPOSTO DE ENGENHEIRO CIVIL E ENCARREGADO GERAL​
A29: CÓDIGO:
A30: LOGRADOURO | D30: HORAS | E30: DIAS | F30: SEMANAS | G30: MESES | I30: Quantidade total | J30: OBS:
A32: ENCARREGADO GERAL | D32: 4 | E32: 4 | F32: 4 | G32: 2 | I32: =D32*E32*F32*G32 -> 128
A33: ENGENHEIRO CIVIL | D33: 1 | E33: 2 | F33: 3 | G33: 2 | I33: =D33*E33*F33*G33 -> 12
A34: TOTAL | I34: 1
A36: 1.3 | B36: ='PLANILHA ORÇAMENTARIA'!B17:H17 -> TERRAPLANAGEM
A38: DESCRIÇÃO: | D38: ='PLANILHA ORÇAMENTARIA'!C18 -> LOCAÇÃO TOPOGRÁFICA ACIMA DE CINQUENTA (50) PONTOS REFERENCIAIS, INCLUSIVE ESTACA (PIQUETE) DE MARCAÇÃO
A39: CÓDIGO:
A40: LOGRADOURO | D40: Compr. (m) | E40: Espaçamemto Estaca (m) | G40: Repet. | I40: Quantidade total | J40: OBS:
A42: RUA PROJETADA | D42: 150 | E42: 20 | G42: 3 | I42: =ROUND(SUM((D42/E42)*G42),0) -> 23
A43: TOTAL | I43: =ROUND(SUM(I42:I42),2) -> 23
A45: DESCRIÇÃO: | D45: ='PLANILHA ORÇAMENTARIA'!C19 -> ESCAVAÇÃO HORIZONTAL, INCLUINDO CARGA E DESCARGA EM SOLO DE 1A CATEGORIA COM TRATOR DE ESTEIRAS (170HP/LÂMINA: 5,20M3). AF_07/2020 (ESCAVAÇÃO NA VIA) | K45: =I50/4 -> 54.3375
A46: CÓDIGO:
A47: Logradouro | D47: Compr. (m) | E47: Larg. c/sarj. + mf (m) | F47: Área (m²) | G47: Espessura (m) | H47: Repet. | I47: Volume total (m3) | J47: OBS:
A49: =A42 -> RUA PROJETADA | D49: =D42 -> 150 | E49: 6.9 | G49: =0.15+0.06 -> 0.21 | H49: 1 | I49: =ROUND(PRODUCT(D49:H49),2) -> 217.35 | J49: VIA
A50: TOTAL | I50: =ROUND(SUM(I49:I49),2) -> 217.35
A52: DESCRIÇÃO: | D52: ='PLANILHA ORÇAMENTARIA'!C20 -> CARGA, MANOBRA E DESCARGA DE SOLOS E MATERIAIS GRANULARES EM CAMINHÃO BASCULANTE 14 M³ - CARGA COM ESCAVADEIRA HIDRÁULICA (CAÇAMBA DE 1,20 M³ / 155 HP) E DESCARGA LIVRE (UNIDADE: M3). AF_02/2026
A53: CÓDIGO:
A54: Logradouro | D54: Compr. (m) | E54: Larg. c/sarj. + mf (m) | F54: Espessura (m) | G54: Área (m²) | H54: Empolamento (25%) | I54: Volume total (m3) | J54: OBS:
A56: =A49 -> RUA PROJETADA | D56: =D49 -> 150 | E56: =E49 -> 6.9 | F56: =G49 -> 0.21 | H56: 0.25 | I56: =PRODUCT(D56:G56)*(1+H56) -> 271.6875 | J56: VIA
A57: TOTAL | I57: =ROUND(SUM(I56:I56),2) -> 271.69
A59: DESCRIÇÃO: | D59: ='PLANILHA ORÇAMENTARIA'!C21 -> TRANSPORTE COM CAMINHÃO BASCULANTE DE 14 M³, EM VIA URBANA EM REVESTIMENTO PRIMÁRIO (UNIDADE: M3XKM). AF_02/2026
A60: CÓDIGO:
A61: Logradouro | D61: Volume (m3) | G61: DMT (km) | I61: Transporte (M3XKM) | J61: OBS:
A63: =A56 -> RUA PROJETADA | D63: =I56 -> 271.6875 | G63: 21.8 | I63: =ROUND(PRODUCT(D63:H63),2) -> 5922.79 | J63: BOTA FORA
A64: TOTAL | I64: =ROUND(SUM(I63:I63),2) -> 5922.79
A66: DESCRIÇÃO: | D66: ='PLANILHA ORÇAMENTARIA'!C22 -> Regularização do subleito - 100% Proctor intermediário
A67: CÓDIGO:
A68: Logradouro | D68: Compr. (m) | E68: Larg. c/sarj. + mf (m) | F68: Área (m²) | I68: Area total (m2) | J68: OBS:
A70: =A63 -> RUA PROJETADA | D70: =D56 -> 150 | E70: =E56 -> 6.9 | I70: =ROUND(PRODUCT(D70:H70),2) -> 1035
A71: TOTAL | I71: =ROUND(SUM(I70:I70),2) -> 1035
A73: DESCRIÇÃO: | D73: ='PLANILHA ORÇAMENTARIA'!C23 -> ESCAVAÇÃO HORIZONTAL, INCLUINDO CARGA E DESCARGA EM SOLO DE 1A CATEGORIA COM TRATOR DE ESTEIRAS (170HP/LÂMINA: 5,20M3). AF_07/2020 (ESCAVAÇÃO NA JAZIDA) | K73: =I78/4 -> 38.8125
A74: CÓDIGO:
A75: Logradouro | D75: Compr. (m) | E75: Larg. c/sarj. + mf (m) | F75: Área (m²) | G75: Espessura (m) | H75: Repet. | I75: Volume total (m3) | J75: OBS:
A77: =A70 -> RUA PROJETADA | D77: =D70 -> 150 | E77: =E70 -> 6.9 | G77: 0.15 | H77: 1 | I77: =ROUND(PRODUCT(D77:H77),2) -> 155.25 | J77: MATERIAL DA JAZIDA
A78: TOTAL | I78: =ROUND(SUM(I77:I77),2) -> 155.25
A80: DESCRIÇÃO: | D80: ='PLANILHA ORÇAMENTARIA'!C24 -> CARGA, MANOBRA E DESCARGA DE SOLOS E MATERIAIS GRANULARES EM CAMINHÃO BASCULANTE 14 M³ - CARGA COM ESCAVADEIRA HIDRÁULICA (CAÇAMBA DE 1,20 M³ / 155 HP) E DESCARGA LIVRE (UNIDADE: M3). AF_02/2026
A81: CÓDIGO:
A82: Logradouro | D82: Compr. (m) | E82: Larg. c/sarj. + mf (m) | F82: Espessura (m) | G82: Área (m²) | H82: Empolamento (25%) | I82: Volume total (m3) | J82: OBS:
A84: =A77 -> RUA PROJETADA | D84: =D70 -> 150 | E84: =E70 -> 6.9 | F84: =G77 -> 0.15 | H84: 0.25 | I84: =PRODUCT(D84:G84)*(1+H84) -> 194.0625 | J84: MATERIAL DA JAZIDA
A85: TOTAL | I85: =ROUND(SUM(I84:I84),2) -> 194.06
A87: DESCRIÇÃO: | D87: ='PLANILHA ORÇAMENTARIA'!C25 -> TRANSPORTE COM CAMINHÃO BASCULANTE DE 14 M³, EM VIA URBANA EM REVESTIMENTO PRIMÁRIO (UNIDADE: M3XKM). AF_02/2026
A88: CÓDIGO:
A89: Logradouro | D89: Volume (m3) | G89: DMT (km) | I89: Transporte (M3XKM) | J89: OBS:
A91: =A84 -> RUA PROJETADA | D91: =I84 -> 194.0625 | G91: 19.5 | I91: =ROUND(PRODUCT(D91:H91),2) -> 3784.22 | J91: MATERIAL DA JAZIDA
A92: TOTAL | I92: =ROUND(SUM(I91:I91),2) -> 3784.22
A94: DESCRIÇÃO: | D94: ='PLANILHA ORÇAMENTARIA'!C26 -> ESPALHAMENTO DE MATERIAL COM TRATOR DE ESTEIRAS. AF_09/2024
A95: CÓDIGO:
A96: Logradouro | D96: Compr. (m) | E96: Larg. c/sarj. + mf (m) | F96: Espessura (m) | G96: Área (m²) | H96: Empolamento (25%) | I96: Volume total (m3) | J96: OBS:
A98: =A91 -> RUA PROJETADA | D98: =D84 -> 150 | E98: =E84 -> 6.9 | F98: =F84 -> 0.15 | H98: 0.25 | I98: =PRODUCT(D98:G98)*(1+H98) -> 194.0625
A99: TOTAL | I99: =ROUND(SUM(I98:I98),2) -> 194.06
A101: DESCRIÇÃO: | D101: ='PLANILHA ORÇAMENTARIA'!C27 -> Base de solo estabilizado granulometricamente sem mistura com material de jazida - 100% Proctor modificado
A102: CÓDIGO:
A103: Logradouro | D103: Compr. (m) | E103: Larg. c/sarj. + mf (m) | F103: Área (m²) | G103: Espessura | H103: Repet. | I103: Volume total (m3) | J103: OBS:
A105: =A98 -> RUA PROJETADA | D105: =D84 -> 150 | E105: =E84 -> 6.9 | G105: 0.15 | H105: 1 | I105: =ROUND(PRODUCT(D105:H105),2) -> 155.25
A106: TOTAL | I106: =ROUND(SUM(I105:I105),2) -> 155.25
A108: DESCRIÇÃO: | D108: ='PLANILHA ORÇAMENTARIA'!C28 -> CASCALHO DE CAVA (A CARGO DO MUNICIPIO)
A109: CÓDIGO:
A110: Logradouro | D110: Compr. (m) | E110: Larg. c/sarj. + mf (m) | F110: Área (m²) | G110: Espessura | H110: Repet. | I110: Volume total (m3) | J110: OBS:
A112: =A105 -> RUA PROJETADA | D112: =D105 -> 150 | E112: =E105 -> 6.9 | G112: 0.15 | H112: 1 | I112: =ROUND(PRODUCT(D112:H112),2) -> 155.25
A113: TOTAL | I113: =ROUND(SUM(I112:I112),2) -> 155.25
A115: 1.4 | B115: ='PLANILHA ORÇAMENTARIA'!B29:H29 -> PAVIMENTAÇÃO EM BLOCO SEXTAVADO
A117: DESCRIÇÃO: | D117: ='PLANILHA ORÇAMENTARIA'!C30 -> EXECUÇÃO DE PAVIMENTO EM PISO INTERTRAVADO, COM BLOCO SEXTAVADO DE 25 X 25 CM, ESPESSURA 8 CM. AF_10/2022
A118: CÓDIGO:
A119: Logradouro | D119: Compr. (m) | E119: Larg. s/sarj. + mf (m) | F119: Área (m²) | I119: Area total (m2) | J119: OBS:
A121: =A112 -> RUA PROJETADA | D121: =D105 -> 150 | E121: 6 | I121: =ROUND(PRODUCT(D121:H121),2) -> 900
A122: =A113 -> TOTAL | I122: =ROUND(SUM(I121:I121),2) -> 900
A124: 1.5 | B124: ='PLANILHA ORÇAMENTARIA'!B31:H31 -> MEIO-FIO E DRENAGEM SUPERFICIAL
A126: DESCRIÇÃO: | D126: ='PLANILHA ORÇAMENTARIA'!C32 -> GUIA (MEIO-FIO) E SARJETA CONJUGADOS DE CONCRETO, MOLDADA IN LOCO EM TRECHO RETO COM EXTRUSORA, 45 CM BASE (15 CM BASE DA GUIA + 30 CM BASE DA SARJETA) X 22 CM ALTURA. AF_01/2024
A127: CÓDIGO:
A128: Logradouro | D128: Compr. (m) | G128: Repet. | I128: Compr. total (m) | J128: =J119 -> OBS:
A130: =A121 -> RUA PROJETADA | C130: 16,20+41,10+8,26+8,21+16,61+5,17+14,50+24,21+19,85+15,16+20,02+9,82+11,32+25,25 | D130: =16.2+41.1+8.26+8.21+16.61+5.17+14.5+24.21+19.85+15.16+20.02+9.82+11.32+25.25 -> 235.68 | G130: 1 | I130: =ROUND(PRODUCT(D130:H130),2) -> 235.68
A131: ] | I131: =ROUND(SUM(I130:I130),2) -> 235.68
A133: DESCRIÇÃO: | D133: ='PLANILHA ORÇAMENTARIA'!C33 -> GUIA DE MEIO-FIO, EM CONCRETO COM FCK 15MPA, MOLDADA IN-LOCO, SEÇÃO 15X45CM, FORMA EM MADEIRA, EXCLUSIVE SARJETA, INCLUSIVE ESCAVAÇÃO, APILOAMENTO E TRANSPORTE COM RETIRADA DO MATERIAL ESCAVADO (EM CAÇAMBA)
A134: CÓDIGO:
A135: Logradouro | D135: Compr. (m) | G135: Repet. | I135: Compr. total (m) | J135: =J128 -> OBS:
A137: =A130 -> RUA PROJETADA | C137: 10,77+9,81+6,90 | D137: =10.77+9.81+6.9 -> 27.48 | G137: 1 | I137: =ROUND(PRODUCT(D137:H137),2) -> 27.48
A138: TOTAL | I138: =ROUND(SUM(I137:I137),2) -> 27.48
A140: DESCRIÇÃO: | D140: ='PLANILHA ORÇAMENTARIA'!C34 -> EXECUÇÃO DE SARJETA DE CONCRETO USINADO, MOLDADA IN LOCO EM TRECHO RETO, 30 CM BASE X 15 CM ALTURA. AF_01/2024
A141: CÓDIGO:
A142: Logradouro | D142: Compr. (m) | G142: Repet. | I142: Compr. total (m) | J142: =J135 -> OBS:
...

Sheet MOB E DESMOB
A1: PLANILHA DE MOBILIZAÇÃO E DESMOBILIZAÇÃO
A2: OBRA: | B2: ='PLANILHA ORÇAMENTARIA'!B3:E3 -> CALÇAMENTO EM BLOCO SEXTAVADO DE VIA NA COMUNIDADE GOIABEIRAS, MUNICIPIO DE LAGOA DOS PATOS - MG.
A3: LOCAL: | B3: ='PLANILHA ORÇAMENTARIA'!B4:E4 -> RUA PROJETA, COMUNIDADE GOIABEIRAS, MUNICIPIO DE LAGOA DOS PATOS - MG
A4: PROPR.: | B4: PREFEITURA MUNICIPAL DE LAGOA DOS PATOS-MG | I4: FONTE: | K4: SICRO 04/2026
A5: COMPOSIÇÃO 02 DE MOBILIZAÇÃO E DESMOBILIZAÇÃO
A6: TRANSPORTE DE EQUIPAMENTOS NÃO RODANTES
A7: ITEM | B7: CÓDIGO DNIT | C7: EQUIPAMENTO | D7: QUANT. DE EQUIP. | E7: ORIGEM | F7: REVESTIMENTO PRIMÁRIO | H7: PAVIMENTADO | J7: K | K7: FU | L7: CH E9665 | M7: CMob
F8: DMT (KM) | G8: V | H8: DMT (KM) | I8: V
A9: 1.1 | B9: E9541 | C9: Trator sobre esteiras com lâmina - 259 kW | D9: 1 | E9: Montes Claros | F9: 0 | G9: 50 | H9: 130 | I9: 60 | J9: 1 | K9: 1 | L9: 453.6417 | M9: =ROUND(((H9*J9*K9)/I9)*L9,2)*D9 -> 982.89 | P9: =M9/L9 -> 2.1666659 | Q9: =P9*L9 -> 982.89
A10: 1.2 | B10: E9577 | C10: Trator agrícola sobre pneus - 77 kW | D10: 1 | E10: Montes Claros | F10: 0 | G10: 50 | H10: =H9 -> 130 | I10: 60 | J10: 1 | K10: 0.5 | L10: =L9 -> 453.6417 | M10: =ROUND(((H10*J10*K10)/I10)*L10,2)*D10 -> 491.45 | P10: =M10/L10 -> 1.083344 | Q10: =P10*L10 -> 491.45
A11: 1.3 | B11: E9515 | C11: Escavadeira hidráulica sobre esteiras com caçamba com capacidade de 1,56 m³ - 118 kW | D11: 1 | E11: Montes Claros | F11: 0 | G11: 50 | H11: =H10 -> 130 | I11: 60 | J11: 1 | K11: 1 | L11: =L10 -> 453.6417 | M11: =ROUND(((H11*J11*K11)/I11)*L11,2)*D11 -> 982.89 | P11: =M11/L11 -> 2.1666659 | Q11: =P11*L11 -> 982.89
A12: 1.4 | B12: E9583 | C12: Distribuidor de agregados rebocável com capacidade de 1,9 m³ | D12: 1 | E12: Montes Claros | F12: 0 | G12: 50 | H12: =H11 -> 130 | I12: 60 | J12: 1 | K12: 0 | L12: =L11 -> 453.6417 | M12: =ROUND(((H12*J12*K12)/I12)*L12,2)*D12 -> 0 | P12: =M12/L12 -> 0 | Q12: =P12*L12 -> 0
A13: 1.5 | B13: E9762 | C13: Rolo compactador de pneus autopropelido de 27 t - 85 kW | D13: 1 | E13: Montes Claros | F13: 0 | G13: 50 | H13: =H12 -> 130 | I13: 60 | J13: 1 | K13: 0 | L13: =L12 -> 453.6417 | M13: =ROUND(((H13*J13*K13)/I13)*L13,2)*D13 -> 0 | P13: =M13/L13 -> 0 | Q13: =P13*L13 -> 0
A14: 1.6 | B14: E9685 | C14: Rolo compactador pé de carneiro vibratório autopropelido por pneus de 11,6 t - 82 kW | D14: 1 | E14: Montes Claros | F14: 0 | G14: 50 | H14: =H13 -> 130 | I14: 60 | J14: 1 | K14: 0.5 | L14: =L13 -> 453.6417 | M14: =ROUND(((H14*J14*K14)/I14)*L14,2)*D14 -> 491.45 | P14: =M14/L14 -> 1.083344 | Q14: =P14*L14 -> 491.45
A15: 1.7 | B15: E9681 | C15: Rolo compactador liso tandem vibratório autopropelido de 10,4 t - 82 kW | D15: 1 | E15: Montes Claros | F15: 0 | G15: 50 | H15: =H14 -> 130 | I15: 60 | J15: 1 | K15: 0.5 | L15: =L14 -> 453.6417 | M15: =ROUND(((H15*J15*K15)/I15)*L15,2)*D15 -> 491.45 | P15: =M15/L15 -> 1.083344 | Q15: =P15*L15 -> 491.45
A16: 1.8 | B16: E9524 | C16: Motoniveladora - 93 kW | D16: 1 | E16: Montes Claros | F16: 0 | G16: 50 | H16: =H15 -> 130 | I16: 60 | J16: 1 | K16: 1 | L16: =L15 -> 453.6417 | M16: =ROUND(((H16*J16*K16)/I16)*L16,2)*D16 -> 982.89 | P16: =M16/L16 -> 2.1666659 | Q16: =P16*L16 -> 982.89
A17: 1.9 | B17: E9518 | C17: Grade de 24 discos rebocável de D = 60 cm (24") | D17: 1 | E17: Montes Claros | F17: 0 | G17: 50 | H17: =H16 -> 130 | I17: 60 | J17: 1 | K17: 0.5 | L17: =L16 -> 453.6417 | M17: =ROUND(((H17*J17*K17)/I17)*L17,2)*D17 -> 491.45 | P17: =M17/L17 -> 1.083344 | Q17: =P17*L17 -> 491.45
A18: 1.10 | B18: E9511 | C18: Carregadeira de pneus com capacidade de 3,40 m³ - 195 kW | D18: 1 | E18: Montes Claros | F18: 0 | G18: 50 | H18: =H17 -> 130 | I18: 60 | J18: 1 | K18: 1 | L18: =L17 -> 453.6417 | M18: =ROUND(((H18*J18*K18)/I18)*L18,2)*D18 -> 982.89 | P18: =M18/L18 -> 2.1666659 | Q18: =P18*L18 -> 982.89
A19: 1.11 | B19: E9544 | C19: Vassoura mecânica rebocável com largura de 2,44 m | D19: 1 | E19: Montes Claros | F19: 0 | G19: 50 | H19: 105 | I19: 60 | J19: 1 | K19: 0 | L19: 428.3 | M19: =ROUND(((H19*J19*K19)/I19)*L19,2)*D19 -> 0 | P19: =M19/L19 -> 0 | Q19: =P19*L19 -> 0
A20: 1.12 | B20: E9545 | C20: Vibroacabadora de asfalto sobre esteiras - 97 kW | D20: 1 | E20: Montes Claros | F20: 0 | G20: 50 | H20: 105 | I20: 60 | J20: 1 | K20: 0 | L20: 428.3 | M20: =ROUND(((H20*J20*K20)/I20)*L20,2)*D20 -> 0 | P20: =M20/L20 -> 0 | Q20: =P20*L20 -> 0
A21: TOTAL DE MOBILIZAÇÃO | M21: =ROUND(SUM(M9:M20),2) -> 5897.36 | Q21: =SUM(Q9:Q20) -> 5897.36
A23: TOTAL DE DESMOBILIZAÇÃO | M23: =M21 -> 5897.36
A25: TOTAL DE MOBILIZAÇÃO E DESMOBILIZAÇÃO - EQUIPAMENTOS NÃO RODANTES | M25: =ROUND(SUM(M23+M21),2) -> 11794.72
A26: E9665 | C26: Cavalo mecânico com semirreboque com capacidade de 22 t - 240 Kw
A28: DESLOCAMENTOS DE VEICULOS - RODANTES
A29: ITEM | B29: CÓDIGO DNIT | C29: EQUIPAMENTO | D29: QUANT. DE EQUIP. | E29: ORIGEM | F29: REVESTIMENTO PRIMÁRIO | H29: PAVIMENTADO | J29: K | K29: FU | L29: CH | M29: CMob
F30: DMT (KM) | G30: V | H30: DMT (KM) | I30: V
A31: 1.1 | B31: E9667 | C31: Caminhão basculante com capacidade de 14 m³ - 210 kW | D31: 3 | E31: Montes Claros | F31: 0 | G31: 50 | H31: 130 | I31: 60 | J31: 1 | K31: 1 | L31: 346.9419 | M31: =ROUND(((H31*J31*K31)/I31)*L31,2)*D31 -> 2255.13 | P31: =M31/L31 -> 6.500022 | Q31: =P31*L31 -> 2255.13
A32: 2.2 | B32: E9571 | C32: Caminhão tanque com capacidade de 10.000 l - 188 kW | D32: 1 | E32: Montes Claros | F32: 0 | G32: 50 | H32: 105 | I32: 60 | J32: 1 | K32: 0 | L32: 362.1958 | M32: =ROUND(((H32*J32*K32)/I32)*L32,2)*D32 -> 0 | P32: =M32/L32 -> 0 | Q32: =P32*L32 -> 0
A33: 2.3 | B33: E9509 | C33: Caminhão tanque distribuidor de asfalto com capacidade de 6.000 l - 7 kW/136 kW | D33: 1 | E33: Montes Claros | F33: 0 | G33: 50 | H33: 105 | I33: 60 | J33: 1 | K33: 0 | L33: 337.0481 | M33: =ROUND(((H33*J33*K33)/I33)*L33,2)*D33 -> 0 | P33: =M33/L33 -> 0 | Q33: =P33*L33 -> 0
A34: TOTAL DE MOBILIZAÇÃO | M34: =ROUND(SUM(M31:M33),2) -> 2255.13 | Q34: =SUM(Q31:Q33) -> 2255.13
A35: TOTAL DE DESMOBILIZAÇÃO | M35: =M34 -> 2255.13
A36: TOTAL DE MOBILIZAÇÃO E DESMOBILIZAÇÃO - EQUIPAMENTOS RODANTES | M36: =ROUND(SUM(M35+M34),2) -> 4510.26 | N36: =ROUND(SUM(M25+M36),2) -> 16304.98
H41: ___________________________________ | Q41: =M25+M36 -> 16304.98
H42: MAX HENRIQUE VELOSO DA SILVA
H43: ENGENHEIRO CIVIL CREA-MG 248.998/D

Sheet CPU
A1: COMPOSIÇÕES PROPRIAS
A3: ​COMPOSIÇÃO 01​ | B3: ADMINISTRAÇÃO LOCAL DE OBRAS, COMPOSTO DE ENGENHEIRO CIVIL E ENCARREGADO GERAL​
A4: Mão de Obra com Encargos Complementares | C4: FONTE | D4: UNID | E4: COEFICIENTE | F4: PREÇO UNITÁRIO | G4: TOTAL
A5: 90776 | B5: ENCARREGADO GERAL COM ENCARGOS COMPLEMENTARES | C5: SINAPI | D5: H | E5: ='MEMORIA DE CÁLCULO'!I32 -> 128 | F5: 56.34 | G5: =E5*F5 -> 7211.52
A6: 90778 | B6: ENGENHEIRO CIVIL DE OBRA PLENO COM ENCARGOS COMPLEMENTARES | C6: SINAPI | D6: H | E6: ='MEMORIA DE CÁLCULO'!I33 -> 12 | F6: 136.69 | G6: =E6*F6 -> 1640.28
E7: TOTAL Mão de Obra com Encargos Complementares: | G7: =ROUND(SUM(G5:G6),2) -> 8851.8
E8: VALOR: | G8: =ROUND(G7,2) -> 8851.8
B13: ________________________________________________________
B14: MAX HENRIQUE VELOSO DA SILVA
B15: ENGENHEIRO CIVIL - CREA: 248.998/D - MG

Sheet BDI DESONERADO
A1: DETALHAMENTO DO BDI COM DESONERAÇÃO
A2: ='PLANILHA ORÇAMENTARIA'!B3 -> CALÇAMENTO EM BLOCO SEXTAVADO DE VIA NA COMUNIDADE GOIABEIRAS, MUNICIPIO DE LAGOA DOS PATOS - MG.
A3: Local: Município de Lagoa dos Patos /MG
A4: Tipo de obra: Construção de Praças Urbanas, Rodovias, Ferrovias e recapeamento e pavimentação de vias urbanas
A5: Conforme legislação tributária municipal, definir estimativa de percentual da base de cálculo para o ISS: | E5: 100
A6: Sobre a base de cálculo, definir a respectiva alíquota do ISS (entre 2% e 5%): | E6: 0.05
A7: Base: | B7: 46023
B10: BDI 1 | F10: TAXA DE TRIBUTOS
B11: SIGLA | C11: COMPOSIÇÃO DO BDI: | D11: PERCENTUAIS (%) | F11: PIS = | G11: 0.0065
F12: CONFINS = | G12: 0.03
B13: AC | C13: ADMINISTRAÇÃO CENTRAL | D13: 0.038 | F13: ISS= | G13: 0.05
B14: S | C14: TAXA DE SEGUROS / GARANTIAS | D14: 0
B15: SG | C15: SEGURO E GARANTIA | D15: 0.0032
B16: R | C16: TAXA DE RISCOS | D16: 0.005 | F16: I = | G16: =SUM(G11:G13) -> 0.0865
B17: DF | C17: TAXA DE DESPESAS/FINANCEIRAS | D17: 0.0102
B18: L | C18: TAXA DE LUCROS/REMUNERAÇÃO | D18: 0.0664
B19: CP | C19: TAXA DE TRIBUTOS | D19: 0.0365
B20: ISS | C20: TRIBUTOS ISS | D20: 0.05
B21: CPRB | C21: CPRB | D21: 0.027
C23: BDI CALCULADO= | D23: =(1+(D13+D14+D15+D16))*(1+D17)*(1+D18)/(1-(D19+D21+D20))-1 -> 0.27134517
I24: BDI % = (1+(AC+S+R+G))*(1+DF)*(1+L)/(1-I)-1
C38: MAX HENRIQUE VELOSO DA SILVA
C39: ENG. CIVIL CREA/MG 248.998/D

Sheet CRONOGRAMA
A1: CRONOGRAMA FÍSICO-FINANCEIRO
A2: OBJETO: | B2: ='PLANILHA ORÇAMENTARIA'!B3:E3 -> CALÇAMENTO EM BLOCO SEXTAVADO DE VIA NA COMUNIDADE GOIABEIRAS, MUNICIPIO DE LAGOA DOS PATOS - MG.
A3: LOCAL: | B3: ='PLANILHA ORÇAMENTARIA'!B4:E4 -> RUA PROJETA, COMUNIDADE GOIABEIRAS, MUNICIPIO DE LAGOA DOS PATOS - MG | G3: PRAZO DE EXECUÇÃO: | H3: 2 MESES
A4: DATA BASE: | B4: ='PLANILHA ORÇAMENTARIA'!B5:E5 -> SINAPI -06/2026 - DESONERADO / SICOR - 04/2026 - NORTE DESONERADO / SICRO/DNIT - 04/2026 - DESONERADO | G4: VALOR TOTAL DA OBRA: | H4: ='PLANILHA ORÇAMENTARIA'!J37 -> 230773.84 | I4: (ALTERAR CONFORME O ORÇAMENTO)
A6: ITEM | B6: ETAPA | E6: FÍSICO/FINANCEIRO GLOBAL | G6: FÍSICO/FINANCEIRO
G7: MÊS 1 | H7: MÊS 2
A8: 1 | B8: =B2 -> CALÇAMENTO EM BLOCO SEXTAVADO DE VIA NA COMUNIDADE GOIABEIRAS, MUNICIPIO DE LAGOA DOS PATOS - MG. | E8: Físico % | F8: =F9/F9 -> 1 | G8: =G9/$F$9 -> 0.60987494 | H8: =H9/$F$9 -> 0.39012506
E9: Financeiro | F9: =H4 -> 230773.84 | G9: =G11+G15+G19+G13+G17 -> 140743.18 | H9: =H11+H15+H19+H13+H17 -> 90030.658 | J9: =G9+H9 -> 230773.84
A10: 1.1 | B10: ='PLANILHA ORÇAMENTARIA'!B12:H12 -> SERVIÇOS PRELIMINARES | E10: Físico % | F10: =F11/$F$9 -> 0.098469003 | G10: 1 | I10: =G10+H10 -> 1
E11: Financeiro | F11: ='PLANILHA ORÇAMENTARIA'!J12 -> 22724.07 | G11: =$F$11*G10 -> 22724.07 | H11: =$F$11*H10 -> 0
A12: 1.2 | B12: ='PLANILHA ORÇAMENTARIA'!B15:H15 -> ADMINISTRAÇÃO LOCAL DE OBRAS | E12: Físico % | F12: =F13/$F$9 -> 0.048763283 | G12: 0.6099 | H12: 0.3901 | I12: =G12+H12 -> 1
E13: Financeiro | F13: ='PLANILHA ORÇAMENTARIA'!J15 -> 11253.29 | G13: =$F$13*G12 -> 6863.3816 | H13: =$F$13*H12 -> 4389.9084
A14: 1.3 | B14: ='PLANILHA ORÇAMENTARIA'!B17:H17 -> TERRAPLANAGEM | E14: Físico % | F14: =F15/$F$9 -> 0.22374386 | G14: 1 | I14: =G14+H14 -> 1
E15: Financeiro | F15: ='PLANILHA ORÇAMENTARIA'!J17 -> 51634.23 | G15: =$F$15*G14 -> 51634.23 | H15: =$F$15*H14 -> 0
A16: 1.4 | B16: ='PLANILHA ORÇAMENTARIA'!B29:H29 -> PAVIMENTAÇÃO EM BLOCO SEXTAVADO | E16: Físico % | F16: =F17/$F$9 -> 0.5158427 | G16: 0.5 | H16: 0.5 | I16: =G16+H16 -> 1
E17: Financeiro | F17: ='PLANILHA ORÇAMENTARIA'!J29 -> 119043 | G17: =$F$17*G16 -> 59521.5 | H17: =$F$17*H16 -> 59521.5
A18: 1.5 | B18: ='PLANILHA ORÇAMENTARIA'!B31:H31 -> MEIO-FIO E DRENAGEM SUPERFICIAL | E18: Físico % | F18: =F19/$F$9 -> 0.11318116 | H18: 1 | I18: =G18+H18 -> 1
E19: Financeiro | F19: ='PLANILHA ORÇAMENTARIA'!J31 -> 26119.25 | G19: =$F$19*G18 -> 0 | H19: =$F$19*H18 -> 26119.25
A20: TOTAL | E20: Físico % | F20: =F21/F9 -> 1 | G20: =G21/$F$9 -> 0.60987494 | H20: =H21/$F$9 -> 0.39012506 | I20: =G20+H20 -> 1
E21: Financeiro | F21: =SUM(F11,F15,F19,F13,F17) -> 230773.84 | G21: =G11+G15+G19+G17+G13 -> 140743.18 | H21: =H11+H15+H19+H17+H13 -> 90030.658
E22: Físico % | F22: ACUMULADO | G22: =G23/$F$9 -> 0.60987494 | H22: =H23/$F$9 -> 1
E23: Financeiro | G23: =G21 -> 140743.18 | H23: =H21+G23 -> 230773.84
A25: =[2]ORÇAMENTO!A91 -> RESPOSÁVEL TÉCNICO: | F25: =[2]ORÇAMENTO!F91 -> RESPONSÁVEL LEGAL:
B31: =[2]ORÇAMENTO!B98 -> MAX HENRIQUE VELOSO DA SILVA | G31: ='PLANILHA ORÇAMENTARIA'!F42 -> HERCULES VANDY DURÃES DA FONSECA
B32: =[2]ORÇAMENTO!B99 -> ENGENHEIRO CIVIL - CREA: 248.998/D - MG | G32: ='PLANILHA ORÇAMENTARIA'!F43 -> PREFEITO MUNICIPAL DE LAGOA DOS PATOS-MG

Sheet DMT'S
A1: DMTs
A2: OBJETO | D2: DISTÂNCIA | E2: DESCRIÇÃO
A3: DMT DA PINTURA DE LIGAÇÃO COM RR-2C | D3: ='MEMORIA DE CÁLCULO'!#REF!+'MEMORIA DE CÁLCULO'!#REF! -> #REF! | E3: REFINARIA BH ATÉ LOCAL DA OBRA
A4: DMT DO MAT. BETUMINOSO PARA EXECUÇÃO DA MASSA ASFÁLTICA RL-1C | D4: ='MEMORIA DE CÁLCULO'!#REF!+'MEMORIA DE CÁLCULO'!#REF! -> #REF! | E4: REFINARIA BH ATÉ USINA MONTES CLAROS
A5: DMT DO PMF | D5: ='MEMORIA DE CÁLCULO'!#REF! -> #REF! | E5: USINA EM MONTES CLAROS ATÉ O LOCAL DA OBRA
A6: DMT (BRITA/ AREIA) | D6: ='MEMORIA DE CÁLCULO'!#REF! -> #REF! | E6: JAZIDA/DEPÓSITO ATÉ USINA EM MONTES CLAROS
B11: MICHELLE TIEZZI VIEIRA GOMES | E11: ='MEMORIA DE CÁLCULO'!F258 -> PREFEITO MUNICIPAL DE LAGOA DOS PATOS-MG
B12: ENGENHEIRA CIVIL - CREA: 245.292/D - MG

Sheet MEMORIA DE CÁLCULO (2)
A1: MEMÓRIA DE CÁLCULO
A2: OBJETO: | B2: PAVIMENTAÇÃO E RECAPEAMENTO ASFÁLTICO EM PMF EM VIAS PÚBLICAS DO MUNICÍPIO SEDE DE LAGOA DOS PATOS/MG
A3: LOCAL: | B3: ESTRADA DO COCAL, RUA MIGUEL BRAGA, RUA COSME DAMIÃO, RUA FRANCELINO RIBEIRO, RUA ITATIAIA, RUA DONÁ GUIOMAR E RUA TRINTA E UM NO MUNICÍPIO DE LAGOA DOS PATOS/MG
A4: DATA BASE: | B4: SEINFRA JANEIRO 2021 COM DESONERAÇÃO FISCAL | F4: PRAZO DE EXECUÇÃO: | H4: 90 DIAS | I4: DATA: | J4: =DATE(2023,5,2) -> 45048
A6: 1 | B6: PAVIMENTAÇÃO E RECAPEAMENTO ASFÁLTICO EM PMF
A8: 1.1 | B8: SERVIÇOS PRELIMINARES
A10: DESCRIÇÃO: | C10: FORNECIMENTO E COLOCAÇÃO DE PLACA DE OBRA EM CHAPA GALVANIZADA (3,00 X 1,5 0 M) - EM CHAPA GALVANIZADA 0,26 AFIXADAS COM REBITES 540 E PARAFUSOS 3/8, EM ESTRUTURA METÁLICA VIGA U 2" ENRIJECIDA COM METALON 20 X 20, SUPORTE EM EUCALIPTO AUTOCLAVADO PINTADAS
A11: CÓDIGO:
A12: Localização | C12: Descrição | D12: Quantidade (un) | H12: Repet. | I12: Quant. Total (un) | J12: OBS:
D13: 1 | H13: 1 | I13: =ROUND(PRODUCT(D13:G13)*H13,2) -> 1
A14: TOTAL | I14: =I13 -> 1
A16: DESCRIÇÃO: | C16: LOCAÇÃO TOPOGRÁFICA DE 20 A 50 PONTOS
A17: CÓDIGO:
A18: Localização | C18: Descrição | D18: Comp. (m) | E18: Estaqueamento (m) | H18: Repet. | I18: Quant. Total (un) | J18: OBS:
A19: Estrada do Cocal | D19: 253.77 | E19: 20 | H19: 1 | I19: =ROUND((D19/E19)*H19,0) -> 13
A20: Rua Miguel Braga | D20: =70.56+18.49 -> 89.05 | E20: 20 | H20: 1 | I20: =ROUND((D20/E20)*H20,0) -> 4
A21: Rua Cosme Damião | D21: 58.74 | E21: 20 | H21: 1 | I21: =ROUND((D21/E21)*H21,0) -> 3
A22: Rua Francelino Ribeiro | D22: =132.69+153.02 -> 285.71 | E22: 20 | H22: 1 | I22: =ROUND((D22/E22)*H22,0) -> 14
A23: Rua Itatiaia | D23: 102.74 | E23: 20 | H23: 1 | I23: =ROUND((D23/E23)*H23,0) -> 5
A24: Rua Doná Guiomar | D24: 100.17 | E24: 20 | H24: 1 | I24: =ROUND((D24/E24)*H24,0) -> 5
A25: Rua Trinta e um | D25: 169.66 | E25: 20 | H25: 1 | I25: =ROUND((D25/E25)*H25,0) -> 8
A26: TOTAL | I26: =SUM(I19:I25) -> 52
A28: DESCRIÇÃO: | C28: LOCAÇÃO DE PAVIMENTAÇÃO. AF_10/2018
A29: CÓDIGO:
A30: Localização | C30: Descrição | D30: Comp. (m) | H30: Repet. | I30: Quant. Total (un) | J30: OBS:
A31: Estrada do Cocal | D31: 253.77 | H31: 1 | I31: =ROUND(D31*H31,0) -> 254
A32: Rua Miguel Braga | D32: =70.56+18.49 -> 89.05 | H32: 1 | I32: =ROUND(D32*H32,0) -> 89
A33: Rua Cosme Damião | D33: 58.74 | H33: 1 | I33: =ROUND(D33*H33,0) -> 59
A34: Rua Francelino Ribeiro | D34: =132.69+153.02 -> 285.71 | H34: 1 | I34: =ROUND(D34*H34,0) -> 286
A35: Rua Itatiaia | D35: 102.74 | H35: 1 | I35: =ROUND(D35*H35,0) -> 103
A36: Rua Doná Guiomar | D36: 100.17 | H36: 1 | I36: =ROUND(D36*H36,0) -> 100
A37: Rua Trinta e um | D37: 169.66 | H37: 1 | I37: =ROUND(D37*H37,0) -> 170
A38: TOTAL | I38: =SUM(I31:I37) -> 1061
A40: 1.2 | B40: TERRAPLENAGEM
A42: DESCRIÇÃO: | C42: ESCAVAÇÃO HORIZONTAL EM SOLO DE 1A CATEGORIA COM TRATOR DE ESTEIRAS (170HP/LÂMINA: 5,20M3). AF_07/2020
A43: CÓDIGO:
A44: Localização | C44: Descrição | D44: Área c/ sarj e mf (m²) | E44: Espessura (m) | H44: Repet. | I44: Volume Total (m³) | J44: OBS:
A45: =A19 -> Estrada do Cocal | C45: Área conforme projeto geométrico | D45: 1752.3 | E45: 0.2 | H45: 1 | I45: =ROUND(PRODUCT(D45:G45)*H45,2) -> 350.46
A46: TOTAL | I46: =I45 -> 350.46
A48: DESCRIÇÃO: | C48: REGULARIZAÇÃO DO SUBLEITO COM PROCTOR NORMAL
A49: CÓDIGO:
A50: Localização | C50: Descrição | D50: Área c/ sarj e mf (m²) | H50: Repet. | I50: Área Total (m²) | J50: OBS:
A51: =A45 -> Estrada do Cocal | C51: =C45 -> Área conforme projeto geométrico | D51: =D45 -> 1752.3 | H51: 1 | I51: =ROUND(PRODUCT(D51:G51)*H51,2) -> 1752.3
A52: TOTAL | I52: =I51 -> 1752.3
A54: DESCRIÇÃO: | C54: TRANSPORTE COM CAMINHÃO BASCULANTE DE 18 M3, EM VIA URBANA EM LEITO NATURAL (UNIDADE: TXKM). AF_09/2016 (BOTA FORA)
A55: CÓDIGO:
A56: Localização | C56: Descrição | D56: Volume Total (m³) | E56: DMT (Km) | F56: Peso específico (Kg) | H56: Repet. | I56: Transporte Total (TXKm) | J56: OBS:
A57: =A51 -> Estrada do Cocal | D57: =I46 -> 350.46 | E57: 3 | F57: 1.73 | H57: 1 | I57: =ROUND(PRODUCT(D57:G57)*H57,2) -> 1818.89
A58: TOTAL | I58: =I57 -> 1818.89
A60: DESCRIÇÃO: | C60: TRANSPORTE DE MATERIAL DE JAZIDA PARA CONSERVAÇÃO. DISTÂNCIA MÉDIA DE TRANSPORTE <= 10,00 KM
A61: CÓDIGO:
A62: Localização | C62: Descrição | D62: Volume Total (m³) | E62: DMT (Km) | H62: Repet. | I62: Transporte Total (M³XKm) | J62: OBS:
A63: =A57 -> Estrada do Cocal | D63: =D57 -> 350.46 | E63: 20 | H63: 1 | I63: =ROUND(PRODUCT(D63:G63)*H63,2) -> 7009.2
A64: TOTAL | I64: =I63 -> 7009.2
A66: DESCRIÇÃO: | C66: BASE DE SOLO SEM MISTURA, COMPACTADA NA ENERGIA DO PROCTOR INTERMEDIÁRIO (EXECUÇÃO, INCLUINDO ESCAVAÇÃO, CARGA, DESCARGA, ESPALHAMENTO, UMIDECIMENTO E COMPACTAÇÃO DO MATERIAL; EXCLUI AQUISIÇÃO E TRANSPORTE DO MATERIAL)
A67: CÓDIGO:
A68: Localização | C68: Descrição | D68: Área c/ sarj e mf (m²) | E68: Espessura (m) | H68: Repet. | I68: Transporte Total (TXKm) | J68: OBS:
A69: =A63 -> Estrada do Cocal | C69: =C51 -> Área conforme projeto geométrico | D69: =D51 -> 1752.3 | E69: 0.15 | H69: 1 | I69: =ROUND(PRODUCT(D69:G69)*H69,2) -> 262.85
A70: TOTAL | I70: =I69 -> 262.85
A72: DESCRIÇÃO: | C72: CASCALHO DE CAVA
A73: CÓDIGO:
A74: Localização | C74: Descrição | D74: Área c/ sarj e mf (m²) | E74: Espessura (m) | H74: Repet. | I74: Transporte Total (M³XKm) | J74: OBS:
A75: =A69 -> Estrada do Cocal | C75: =C69 -> Área conforme projeto geométrico | D75: =D69 -> 1752.3 | E75: 0.15 | H75: 1 | I75: =ROUND(PRODUCT(D75:G75)*H75,2) -> 262.85
A76: TOTAL | I76: =I75 -> 262.85
A78: 1.3 | B78: PAVIMENTAÇÃO EM PMF
A79: ,
A80: DESCRIÇÃO: | C80: IMPRIMACAO DE BASE DE PAVIMENTACAO COM ADP CM-30
A81: CÓDIGO:
A82: Localização | C82: Descrição | D82: Área s/ sarj e mf (m) | H82: Repet. | I82: Área Total (m²) | J82: OBS:
A83: =A19 -> Estrada do Cocal | C83: Área conforme projeto geométrico | D83: 1523.74 | H83: 1 | I83: =ROUND(PRODUCT(D83:G83)*H83,2) -> 1523.74
A84: =A20 -> Rua Miguel Braga | C84: Área conforme projeto geométrico | D84: 864.42 | H84: 1 | I84: =ROUND(PRODUCT(D84:G84)*H84,2) -> 864.42
A85: =A21 -> Rua Cosme Damião | C85: Área conforme projeto geométrico | D85: 509.01 | H85: 1 | I85: =ROUND(PRODUCT(D85:G85)*H85,2) -> 509.01
A86: =A22 -> Rua Francelino Ribeiro | C86: Área conforme projeto geométrico | D86: 2435.13 | H86: 1 | I86: =ROUND(PRODUCT(D86:G86)*H86,2) -> 2435.13
A87: =A23 -> Rua Itatiaia | C87: Área conforme projeto geométrico | D87: 866.38 | H87: 1 | I87: =ROUND(PRODUCT(D87:G87)*H87,2) -> 866.38
A88: =A24 -> Rua Doná Guiomar | C88: Área conforme projeto geométrico | D88: 1006.92 | H88: 1 | I88: =ROUND(PRODUCT(D88:G88)*H88,2) -> 1006.92
A89: =A25 -> Rua Trinta e um | C89: Área conforme projeto geométrico | D89: 1262.24 | H89: 1 | I89: =ROUND(PRODUCT(D89:G89)*H89,2) -> 1262.24
A90: TOTAL | I90: =SUM(I83) -> 1523.74
A92: DESCRIÇÃO: | C92: TRANSPORTE DE MATERIAL DE QUALQUER NATUREZA DMT ACIMA DE 50 KM (CM-30).
A93: CÓDIGO:
A94: Localização | C94: Descrição | D94: Área s/ sarj e mf (m) | E94: CM-30 (t/m²) | F94: DMT (Km) | H94: Repet. | I94: Transporte Total (M³XKm) | J94: OBS:
A95: =A83 -> Estrada do Cocal | C95: =C83 -> Área conforme projeto geométrico | D95: =D83 -> 1523.74 | E95: 0.0012 | F95: 20 | H95: 1 | I95: =ROUND(PRODUCT(D95:G95)*H95,2) -> 36.57
A96: =A84 -> Rua Miguel Braga | C96: =C84 -> Área conforme projeto geométrico | D96: =D84 -> 864.42 | E96: 0.0012 | F96: 20 | H96: 1 | I96: =ROUND(PRODUCT(D96:G96)*H96,2) -> 20.75
A97: =A85 -> Rua Cosme Damião | C97: =C85 -> Área conforme projeto geométrico | D97: =D85 -> 509.01 | E97: 0.0012 | F97: 20 | H97: 1 | I97: =ROUND(PRODUCT(D97:G97)*H97,2) -> 12.22
A98: =A86 -> Rua Francelino Ribeiro | C98: =C86 -> Área conforme projeto geométrico | D98: =D86 -> 2435.13 | E98: 0.0012 | F98: 20 | H98: 1 | I98: =ROUND(PRODUCT(D98:G98)*H98,2) -> 58.44
A99: =A87 -> Rua Itatiaia | C99: =C87 -> Área conforme projeto geométrico | D99: =D87 -> 866.38 | E99: 0.0012 | F99: 20 | H99: 1 | I99: =ROUND(PRODUCT(D99:G99)*H99,2) -> 20.79
A100: =A88 -> Rua Doná Guiomar | C100: =C88 -> Área conforme projeto geométrico | D100: =D88 -> 1006.92 | E100: 0.0012 | F100: 20 | H100: 1 | I100: =ROUND(PRODUCT(D100:G100)*H100,2) -> 24.17
A101: =A89 -> Rua Trinta e um | C101: =C89 -> Área conforme projeto geométrico | D101: =D89 -> 1262.24 | E101: 0.0012 | F101: 20 | H101: 1 | I101: =ROUND(PRODUCT(D101:G101)*H101,2) -> 30.29
A102: TOTAL | I102: =SUM(I95) -> 36.57
A104: DESCRIÇÃO: | C104: PINTURA DE LIGAÇÃO (EXECUÇÃO E FORNECIMENTO DO MATERIAL BETUMINOSO, EXCLUSIVE TRANSPORTE DO MATERIAL BETUMINOSO) (RR-2C).
A105: CÓDIGO:
A106: Localização | C106: Descrição | D106: Área s/ sarj e mf (m) | H106: Repet. | I106: Área Total (m²) | J106: OBS:
A107: =A95 -> Estrada do Cocal | C107: =C95 -> Área conforme projeto geométrico | D107: =D95 -> 1523.74 | H107: 1 | I107: =ROUND(PRODUCT(D107:G107)*H107,2) -> 1523.74
A108: =A96 -> Rua Miguel Braga | C108: =C96 -> Área conforme projeto geométrico | D108: =D96 -> 864.42 | H108: 1 | I108: =ROUND(PRODUCT(D108:G108)*H108,2) -> 864.42
A109: =A97 -> Rua Cosme Damião | C109: =C97 -> Área conforme projeto geométrico | D109: =D97 -> 509.01 | H109: 1 | I109: =ROUND(PRODUCT(D109:G109)*H109,2) -> 509.01
A110: =A98 -> Rua Francelino Ribeiro | C110: =C98 -> Área conforme projeto geométrico | D110: =D98 -> 2435.13 | H110: 1 | I110: =ROUND(PRODUCT(D110:G110)*H110,2) -> 2435.13
A111: =A99 -> Rua Itatiaia | C111: =C99 -> Área conforme projeto geométrico | D111: =D99 -> 866.38 | H111: 1 | I111: =ROUND(PRODUCT(D111:G111)*H111,2) -> 866.38
A112: =A100 -> Rua Doná Guiomar | C112: =C100 -> Área conforme projeto geométrico | D112: =D100 -> 1006.92 | H112: 1 | I112: =ROUND(PRODUCT(D112:G112)*H112,2) -> 1006.92 | M112: =I114-D107+D75 -> 8696.4
A113: =A101 -> Rua Trinta e um | C113: =C101 -> Área conforme projeto geométrico | D113: =D101 -> 1262.24 | H113: 1 | I113: =ROUND(PRODUCT(D113:G113)*H113,2) -> 1262.24
A114: TOTAL | I114: =SUM(I107:I113) -> 8467.84
A116: DESCRIÇÃO: | C116: TRANSPORTE COM CAMINHÃO TANQUE DE TRANSPORTE DE MATERIAL ASFÁLTICO DE 30000 L, EM VIA URBANA EM REVESTIMENTO PRIMÁRIO (UNIDADE: TXKM). AF_07/2020 (RR-2C)
...
